 Dungeon Crawl Stone Soup version 0.20.0-15-g7f486f2 (webtiles) character file.

9332 vishdafish the Basher (level 11, -3/68 HPs)
             Began as a Gargoyle Fighter on June 21, 2017.
             Was a High Priest of Okawaru.
             Hit by a large rock thrown by a stone giant (21 damage)
             ... on level 10 of the Dungeon.
             The game lasted 00:34:43 (12490 turns).

vishdafish the Basher (Gargoyle Fighter)           Turns: 12490, Time: 00:34:43

Health: -3/68      AC: 18    Str: 23      XL:     11   Next: 44%
Magic:  10/12      EV: 14    Int: 11      God:    Okawaru [*****.]
Gold:   556        SH: 13    Dex: 10 (11) Spells: 10/10 levels left

rFire    . . .     SeeInvis +   y - +1 eveningstar
rCold    . . .     Gourm    .   c - +0 shield
rNeg     + . .     Faith    +   b - +0 scale mail
rPois    ∞         Spirit   .   (helmet restricted)
rElec    +         Reflect  .   (no cloak)
rCorr    +         Harm     .   q - +0 pair of gloves
MR       .....     Clarity  +   (no boots)
Stlth    ++........             v - amulet of faith
Regen    0.3/turn               z - ring of resist corrosion
MPRegen  0.2/turn               m - ring of see invisible

@: heroism
A: antennae 1, fangs 1, clarity, clever 1, negative energy resistance 1, sense
surroundings 1, electricity resistance, strong 1, unbreathing, evolution 1,
petrification resistance, rot immunity, MP-powered wands, AC +7
a: Heroism, Finesse, Renounce Religion


You were on level 10 of the Dungeon.
You worshipped Okawaru.
Okawaru was extremely pleased with you.
You were not hungry.

You visited 1 branch of the dungeon, and saw 11 of its levels.

You collected 556 gold pieces.

Inventory:

Hand Weapons
 a - a +0 flail
 l - the +11 short sword "Goblinbane" {freeze, Stlth+}
   (You found it on level 5 of the Dungeon)

   It has been specially enchanted to freeze those struck by it, causing extra
   injury to most foes and up to half again as much damage against particularly
   susceptible opponents.
   It can also slow down cold-blooded creatures.
   It makes you more stealthy.
 y - a +1 eveningstar (weapon)
 F - a +3 flail
Armour
 b - a +0 scale mail (worn)
 c - a +0 shield (worn)
 f - the +3 robe of Lueded {*Drain rC+ Stlth+}
   (Okawaru gifted it to you on level 9 of the Dungeon)

   It protects you from cold.
   It causes draining when unequipped.
   It makes you more stealthy.
 q - a +0 pair of gloves (worn)
 H - the +3 robe of Ygoddek {-Cast *Corrode +Fly Int+9}
   (You found it on level 7 of the Dungeon)

   It affects your intelligence (+9).
   It lets you fly.
   It prevents spellcasting.
   It may corrode you when you take damage.
Jewellery
 m - a ring of see invisible (right hand)
 v - an amulet of faith (around neck)
 z - a ring of resist corrosion (left hand)
Wands
 s - a wand of digging (9/24)
 C - a wand of random effects (0/48)
Scrolls
 d - 7 scrolls of teleportation
 e - 3 scrolls of amnesia
 g - a scroll of immolation {unknown}
 j - 3 scrolls of magic mapping
 k - a scroll of fog {unknown}
 n - 2 scrolls of enchant weapon
 r - a scroll of remove curse
 A - 3 scrolls of recharging {unknown}
 B - 2 scrolls of enchant armour {unknown}
 E - 2 scrolls of fear
 G - 2 scrolls of noise {unknown}
Potions
 i - 2 potions of brilliance
 t - a potion of lignification
 I - a potion of resistance
Books
 o - a book of the Sky

   Spells                             Type                      Level
   a - Summon Lightning Spire         Summoning/Air                4
   b - Silence                        Hexes/Air                    5
   c - Deflect Missiles               Charms/Air                   6
   d - Conjure Ball Lightning         Conjuration/Air              6
   e - Tornado                        Air                          9
 u - a book of Minor Magic

   Spells                             Type                      Level
   a - Magic Dart                     Conjuration                  1
   b - Blink                          Translocation                2
   c - Call Imp                       Summoning                    2
   d - Slow                           Hexes                        2
   e - Conjure Flame                  Conjuration/Fire             3
   f - Mephitic Cloud                 Conjuration/Poison/Air       3
 D - a book of Cantrips

   Spells                             Type                      Level
   a - Confusing Touch                Hexes                        1
   b - Animate Skeleton               Necromancy                   1
   c - Summon Small Mammal            Summoning                    1
   d - Apportation                    Translocation                1
Comestibles
 h - 2 royal jellies
 p - 13 fruits
 w - 5 meat rations
 x - 6 bread rations


   Skills:
 + Level 7.7(12.7) Fighting
 + Level 10.9(15.9) Maces & Flails
 + Level 8.4(13.4) Armour
 + Level 4.5(9.5) Dodging
 - Level 1.9(6.9) Stealth
 + Level 9.2(14.2) Shields
 * Level 1.9 Invocations
 + Level 1.5 Evocations


You had 10 spell levels left.
You didn't know any spells.

Dungeon Overview and Level Annotations

Branches:
Dungeon (11/15)            Temple (0/1) D:7            Lair (0/6) D:8
    Orc (0/2) D:10

Altars:
Okawaru
Trog

Shops:
D:6 *[:}   D:8 [   D:11 :


Innate Abilities, Weirdness & Mutations

You are resistant to torment.
Your stone body is resilient. (AC +7)
You are immune to poison.
You resist negative energy. (rN+)
You are resistant to electric shocks. (rElec)
You can survive without breathing.
You are immune to petrification.
You are immune to rotting.
You have a pair of small antennae on your head.
You have very sharp teeth.
You possess an exceptional clarity of mind.
Your mind is acute. (Int +2)
You passively map a small area around you.
Your muscles are strong. (Str +2)
You evolve.
You expend magic power (3 MP) to strengthen your wands.


Message History

You start resting.
You are feeling hungry.
You eat one of the 3 royal jellies.
That royal jelly was delicious!
You start resting.
HP restored.
You open the door.
A stone giant comes into view.
The stone giant shouts!
The stone giant throws a large rock.
The large rock hits you!!
Found four items.
There is an open door here.
You see here a large rock.
You gain the combat prowess of a mighty hero.
The stone giant throws a large rock.
The large rock hits you!!
* * * LOW HITPOINT WARNING * * *
As you read the scroll of fear, it crumbles to dust.
You assume a fearsome visage.
The stone giant resists with some effort.
The stone giant throws a large rock.
The large rock hits you!!
You die...

#.##........#...>........##.##.#.
#.##........#..................#.
#.#######################.#.####.
#+###### #.#.#.... ..([...####
######## #.#.#.##. (.........#
#..C...# #.#...... .......##.#
#..#...# #.#.#.#..
.......##.#)}C.#...# #.###....
..#######.#::..#@..# #.# ####.
### #.######...######.## #...
#.#........#.......# #.#.
#.#........#.####..# #.#.
#########.#........#.# #..# # #.
.....#....#'########.# #..###.#.
####.#.####.# ###.# #......#.
.....#.#.)..# #...####.######.
#.##.#.#.##.# #>#.............


You could see a stone giant.

Vanquished Creatures
  2 two-headed ogres
  A centaur warrior (D:11)
  The ghost of anfisbena the Carver, a novice VSFi of Uskayaw (D:10)
  An orc knight (D:10)
  Joseph (D:9)
  Psyche (D:9)
  A kobold demonologist (D:11)
  A troll (D:10)
  A polar bear (shapeshifter) (D:10)
  A merfolk (D:10)
  A hippogriff (D:8)
  Sigmund (D:6)
  A wraith (D:10)
  A vampire (D:10)
  Grum (D:9)
  7 sky beasts
  3 ogres
  A black bear (D:10)
  2 ice beasts
  3 wolves (D:8)
  3 centaurs
  3 big kobolds (D:11)
  5 bullfrogs
  A gnoll sergeant (D:11)
  A scorpion (D:8)
  A wyvern skeleton (D:8)
  7 howler monkeys
  4 wights (D:6)
  5 crimson imps
  2 centaur zombies
  3 bullfrog zombies
  5 hounds
  A jelly (D:5)
  2 centaur skeletons
  2 orc priests (D:9)
  2 bullfrog skeletons
  An orc wizard (D:4)
  5 worker ants
  A killer bee zombie (D:8)
  A hound skeleton (D:10)
  14 gnolls
  9 adders
  2 shadow imps
  3 adder skeletons
  3 worms
  4 dart slugs
  4 leopard geckos
  22 orcs
  2 ball pythons (D:1)
  3 giant cockroaches
  5 goblins (D:1)
  8 hobgoblins
  9 jackals
  14 kobolds
  6 quokkas
  7 bats
  7 frilled lizards
  6 rats
215 creatures vanquished.

Vanquished Creatures (others)
  A wizard (D:11)
1 creature vanquished.

Grand Total: 216 creatures vanquished

Notes
Turn   | Place    | Note
-------+----------+-------------------------------------------
     0 | D:1      | vishdafish the Gargoyle Fighter began the quest for the Orb.
     0 | D:1      | Reached XP level 1. HP: 14/14 MP: 1/1
   125 | D:1      | Reached XP level 2. HP: 7/19 MP: 2/2
   581 | D:1      | Reached XP level 3. HP: 23/23 MP: 3/3
  1265 | D:1      | Reached skill level 1 in Dodging
  1586 | D:2      | Reached XP level 4. HP: 27/28 MP: 4/4
  1668 | D:2      | Found an iron altar of Okawaru.
  1697 | D:2      | Reached skill level 3 in Maces & Flails
  2022 | D:2      | Reached XP level 5. HP: 30/32 MP: 5/5
  2030 | D:2      | Became a worshipper of Warmaster Okawaru
  3061 | D:4      | Reached XP level 6. HP: 38/38 MP: 6/6
  3715 | D:4      | Reached skill level 5 in Shields
  3736 | D:4      | Reached skill level 4 in Maces & Flails
  3977 | D:4      | Reached XP level 7. HP: 39/44 MP: 7/7
  4092 | D:5      | Entered Level 5 of the Dungeon
  4267 | D:5      | Reached skill level 5 in Armour
  4386 | D:5      | Reached * piety under Okawaru
  4545 | D:5      | Reached skill level 5 in Maces & Flails
  4565 | D:5      | Gained mutation: You evolve. [potion of mutation]
  4565 | D:5      | Gained mutation: Your magical capacity is low. (-10% MP) [potion of mutation]
  4565 | D:5      | Gained mutation: Your magical capacity is very low. (-20% MP) [potion of mutation]
  4565 | D:5      | Gained mutation: Your mind is acute. (Int +2) [potion of mutation]
  4566 | D:5      | Lost mutation: Your magical capacity is very low. (-20% MP) [potion of mutation]
  4566 | D:5      | Lost mutation: Your mind is acute. (Int +2) [potion of mutation]
  4566 | D:5      | Lost mutation: Your magical capacity is low. (-10% MP) [potion of mutation]
  4566 | D:5      | Gained mutation: Your muscles are strong. (Str +2) [potion of mutation]
  4567 | D:5      | Lost mutation: You evolve. [potion of mutation]
  4567 | D:5      | Lost mutation: Your muscles are strong. (Str +2) [potion of mutation]
  4567 | D:5      | Gained mutation: Your mind is acute. (Int +2) [potion of mutation]
  4567 | D:5      | Gained mutation: You have sharp fingernails. [potion of mutation]
  4571 | D:5      | Gained mutation: You possess an exceptional clarity of mind. [mutagenic meat]
  4573 | D:5      | Gained mutation: You are occasionally teleported next to monsters. [mutagenic meat]
  4574 | D:5      | Lost mutation: You are occasionally teleported next to monsters. [mutagenic meat]
  4575 | D:5      | Gained mutation: You have a pair of small antennae on your head. [mutagenic meat]
  4691 | D:5      | Got a polished short sword
  4692 | D:5      | Identified the +11 short sword "Goblinbane" {freeze, Stlth+} (You found it on level 5 of the Dungeon)
  4914 | D:6      | Found Leib's Antique Armour Emporium.
  4934 | D:6      | Reached skill level 5 in Fighting
  4934 | D:6      | Reached XP level 8. HP: 47/49 MP: 8/8
  4951 | D:6      | Found Koosuocef's Book Shoppe.
  5275 | D:6      | Noticed Sigmund
  5291 | D:6      | Killed Sigmund
  5337 | D:6      | Reached skill level 6 in Maces & Flails
  5626 | D:6      | Found Viaczefie's General Store.
  5787 | D:6      | Found Vuaqikhli's Gadget Shoppe.
  6162 | D:6      | Lost mutation: You have sharp fingernails. [potion of mutation]
  6162 | D:6      | Lost mutation: Your mind is acute. (Int +2) [potion of mutation]
  6162 | D:6      | Gained mutation: Your spells are a little easier to cast, but a little less powerful. [potion of mutation]
  6162 | D:6      | Lost mutation: Your spells are a little easier to cast, but a little less powerful. [potion of mutation]
  6162 | D:6      | Gained mutation: You have very sharp teeth. [potion of mutation]
  6163 | D:6      | Gained mutation: Your muscles are strong. (Str +2) [mutagenic meat]
  6164 | D:6      | Gained mutation: You expend magic power (3 MP) to strengthen your wands. [mutagenic meat]
  6165 | D:6      | Gained mutation: You passively map a small area around you. [mutagenic meat]
  6284 | D:6      | Reached ** piety under Okawaru
  6626 | D:7      | Found a staircase to the Ecumenical Temple.
  6914 | D:7      | Reached XP level 9. HP: 54/54 MP: 9/9
  6926 | D:7      | Got an ominously black robe
  6937 | D:7      | Identified the +3 robe of Ygoddek {-Cast *Corrode +Fly Int+9} (You found it on level 7 of the Dungeon)
  7093 | D:7      | Reached skill level 1 in Stealth
  7192 | D:7      | Reached skill level 7 in Maces & Flails
  7197 | D:7      | Gained mutation: You evolve. [mutagenic meat]
  7256 | D:8      | Found Cutotirgh's Antique Armour Emporium.
  7292 | D:8      | Found a staircase to the Lair.
  7613 | D:8      | Noticed a two-headed ogre
  7835 | D:8      | Killed a two-headed ogre
  7835 | D:8      | Reached *** piety under Okawaru
  7835 | D:8      | Reached skill level 8 in Maces & Flails
  7891 | D:8      | Reached skill level 1 in Evocations
  8116 | D:8      | Reached **** piety under Okawaru
  8392 | D:9      | Noticed Grum
  8419 | D:8      | Reached XP level 10. HP: 38/60 MP: 10/10
  8573 | D:9      | Killed Grum
  8573 | D:9      | Reached skill level 9 in Maces & Flails
  8837 | D:9      | Noticed Joseph
  8854 | D:9      | Killed Joseph
  8872 | D:9      | Gained mutation: Your mind is acute. (Int +2) [mutagenic meat]
  8882 | D:9      | Noticed Psyche
  8893 | D:9      | Killed Psyche
  8893 | D:9      | Reached ***** piety under Okawaru
  9054 | D:9      | Noticed a two-headed ogre
  9470 | D:9      | Killed a two-headed ogre
  9559 | D:9      | Received a gift from Okawaru
  9560 | D:9      | Got a heavily jewelled robe {god gift}
  9571 | D:9      | Identified the +3 robe of Lueded {*Drain rC+ Stlth+} (Okawaru gifted it to you on level 9 of the Dungeon)
  9751 | D:10     | Entered Level 10 of the Dungeon
  9751 | D:10     | Noticed anfisbena's ghost (novice VSFi)
  9773 | D:10     | Killed anfisbena's ghost
  9947 | D:10     | Found a staircase to the Orcish Mines.
 10020 | D:10     | Reached skill level 10 in Maces & Flails
 10547 | D:10     | Reached XP level 11. HP: 67/67 MP: 12/12
 11141 | D:10     | Noticed a two-headed ogre
 11144 | D:10     | Noticed a two-headed ogre
 11169 | D:11     | Found a bloodstained altar of Trog.
 11270 | D:11     | Found a bloodstained altar of Trog.
 11372 | D:11     | Noticed a soul eater
 11577 | D:11     | Found Ytosuox's Book Shoppe.
 11777 | D:11     | Noticed a wizard
 11780 | D:11     | Killed a wizard
 11887 | D:11     | Noticed a centaur warrior
 11894 | D:11     | Killed a centaur warrior
 11894 | D:11     | Reached skill level 1 in Invocations
 12249 | D:10     | Noticed an orc knight
 12258 | D:10     | Noticed an orb spider
 12273 | D:10     | Killed an orc knight
 12283 | D:10     | an orb spider changed into a polar bear
 12485 | D:10     | Noticed a stone giant
 12490 | D:10     | Hit by a large rock thrown by a stone giant

Skill      XL: |  1  2  3  4  5  6  7  8  9 10 11 |
---------------+----------------------------------+-----
Dodging        | 1 2 3 4 |  4.5
Shields        | 4 5 6 7 8 9 |  9.2
Maces & Flails | 3 4 5 6 8 10 | 10.9
Armour         | 4 5 6 7 8 |  8.4
Fighting       | 4 5 6 7 |  7.7
Stealth        | 1 |  1.9
Evocations     | 1 |  1.5
Invocations    | 1 |  1.9

Action                   |  1- 3 |  4- 6 |  7- 9 | 10-12 || total
-------------------------+-------+-------+-------+-------++-------
Melee: Flail             |   163 |   288 |   394 |   298 ||  1143
       Bite              |       |       |    19 |    37 ||    56
       Eveningstar       |       |       |       |    60 ||    60
Invok: Heroism           |       |       |       |     3 ||     3
Evoke: Wand              |       |       |     6 |     7 ||    13
  Use: Potion            |       |     1 |    15 |     5 ||    21
       Scroll            |       |       |     7 |     7 ||    14
  Eat: Bread ration      |     1 |       |       |       ||     1
       Royal jelly       |       |     2 |     4 |     2 ||     8
       Fruit             |       |     3 |       |       ||     3
       Chunk             |       |       |    11 |     6 ||    17
       Meat ration       |       |       |     1 |     2 ||     3
Armor: Scale mail        |   127 |   156 |   207 |   160 ||   650
Dodge: Dodged            |    65 |   111 |   125 |   132 ||   433
Block: Shield            |   123 |   163 |   195 |   247 ||   728
